 Dungeon Crawl Stone Soup version 0.30-a0-928-g7f6bbad527 (webtiles) character file.

Game seed: 10663615154213736425

313 Morbidden the Sneak (level 6, -1/46 HPs)
             Began as a Demonspawn Brigand on Mar 23, 2023.
             Was a Follower of Cheibriados.
             Slain by an orc priest
             ... wielding a +0 short sword
              (5 damage)
             ... on level 5 of the Dungeon.
             The game lasted 00:04:27 (2823 turns).

Morbidden the Sneak (Demonspawn Brigand)            Turns: 2823, Time: 00:04:27

Health: -1/46      AC:  3    Str: 14    XL:     6   Next: 19%
Magic:  8/8        EV: 12    Int: 16    God:    Cheibriados [*.....]
Gold:   168        SH:  4    Dex: 16    Spells: 7/7 levels left

rFire   . . .      SeeInvis .    a - +2 dagger
rCold   . . .      Faith    .    q - +0 buckler
rNeg    . . .      Spirit   .    b - +0 robe
rPois   +          Reflect  .    (no helmet)
rElec   .          Rampage  .    c - +0 cloak
rCorr   .                        (no gloves)
Will    .....                    (no boots)
Stlth   +++                      k - amulet of the acrobat
HPRegen 0.27/turn                h - ring of poison resistance
MPRegen 0.22/turn                (no ring)

@: very slow
A: magic regeneration, weakness stinger 1
a: Renounce Religion, Bend Time


You were on level 5 of the Dungeon.
You worshipped Cheibriados.
Cheibriados was aware of your devotion.
You visited 1 branch of the dungeon, and saw 5 of its levels.

You collected 168 gold pieces.

Inventory:

Hand Weapons
 a - a +2 dagger (weapon)
Missiles
 d - 2 poisoned darts (quivered)
 e - 3 curare-tipped darts
 n - 5 atropa-tipped darts
 p - 2 boomerangs
Armour
 b - a +0 robe (worn)
 c - a +0 cloak (worn)
 q - a +0 buckler (worn)
 v - the +1 chain mail of the Fiddle {Harm rC- Str+3 Int+6}
   (You found it on level 3 of the Dungeon)

   Str:       It affects your strength (+3).
   Int:       It affects your intelligence (+6).
   rC:        It makes you vulnerable to cold.
   Harm:      It increases damage dealt and taken.
Jewellery
 h - a ring of poison resistance (left hand)
 k - an amulet of the acrobat (around neck)
Wands
 u - a wand of flame (14)
Scrolls
 f - a scroll of amnesia {unknown}
 g - 3 scrolls of fog {unknown}
 j - a scroll of fear {unknown}
 l - 2 scrolls of identify {unknown}
 m - 3 scrolls of teleportation {unknown}
 o - a scroll of poison {unknown}
 w - a scroll of noise {unknown}
 x - a scroll of vulnerability {unknown}
Potions
 i - a potion of brilliance
 r - a potion of haste {unknown}
 s - a potion of might {unknown}
 t - a potion of magic {unknown}


   Skills:
 * Level 2.9 Fighting
 * Level 2.8(3.0) Short Blades
 * Level 1.4(2.3) Long Blades
 + Level 2.0 Throwing
 * Level 1.5 Armour
 * Level 2.0 Dodging
 + Level 4.2 Stealth
 * Level 1.2 Shields
 * Level 1.4 Spellcasting
 * Level 1.4 Invocations


You had 7 spell levels left.
You didn't know any spells.
Your spell library contained the following spells:

 Spells                   Type           Power      Damage    Failure   Level
 Magic Dart               Conj           4%         1d3       28%         1
 Searing Ray              Conj           2%         2d4       41%         2
 Fulminant Prism          Conj/Hex       0%         3d5       96%         4


Dungeon Overview and Level Annotations

Branches:
Dungeon (5/15)
 Temple: D:4-7

Altars:
Cheibriados
Nemelex Xobeh
Xom
Yredelemnul

Annotations:
D:3 Grinder


Innate Abilities, Weirdness & Mutations

You regenerate magic rapidly.
You have a small tail.


Message History

The orc priest is heavily wounded.
The orc hits you but does no damage.
The orc priest hits you but does no damage.
The orc hits you with a +0 short sword.
Unknown command.
You hit the orc priest but do no damage.
The orc priest is severely wounded.
The orc hits you but does no damage. The orc hits you with a +0 short sword.
The orc priest closely misses you.
You closely miss the orc priest.
Your tail-slap misses the orc priest.
The orc priest is severely wounded.
The orc hits you with a +0 short sword. The orc hits you with a +0 club.
The orc priest hits you with a +0 short sword.
Unknown command.
You hit the orc priest.
The orc priest is severely wounded.
Unknown command.
You barely miss the orc priest.
The orc priest is almost dead.
The orc hits you but does no damage.
The orc priest looks braver for a moment.
The orc hits you with a +0 short sword.
Unknown command.
Unknown command.
You barely miss the orc priest.
The orc priest is almost dead.
The orc hits you but does no damage.
The orc priest calls down the wrath of Beogh upon you.
Pain shoots through your body!
* * * LOW HITPOINT WARNING * * *
The orc hits you with a +0 short sword.
* * * LOW HITPOINT WARNING * * *
Unknown command.
You closely miss the orc priest.
The orc priest is almost dead.
The orc hits you with a +0 club.
* * * LOW HITPOINT WARNING * * *
The orc barely misses you.
The orc priest hits you with a +0 short sword.
You die...

#..........#
###.#.#.#.##
###....###
####...##
###..#
##.### #
#...# ##..#
###.##o.....
#.@oo.....
#.oo......
#...(.....
#.........
#.........
#......(.(
#.........
#.........


You could see an orc priest (poisoned) and 4 orcs.

Vanquished Creatures
  Edmund (D:5)
  A hound (D:4)
  A sleepcap (D:4)
  Ijyb (D:3)
  An orc wizard (D:4)
  2 adders (D:3)
  2 dart slugs
  4 orcs
  3 endoplasms
  4 giant cockroaches
  2 goblins
  4 hobgoblins
  5 jackals
  6 kobolds
  3 quokkas
  6 ball pythons
  7 bats
  2 frilled lizards (D:1)
  4 rats
59 creatures vanquished.

Notes
Turn   | Place    | Note
-------+----------+-------------------------------------------
     0 | D:1      | Morbidden the Demonspawn Brigand began the quest for the
                  | Orb.
     0 | D:1      | Reached XP level 1. HP: 16/16 MP: 1/1
   301 | D:1      | Gained mutation: You have a small tail. [demonic ancestry]
   301 | D:1      | Reached XP level 2. HP: 22/22 MP: 2/2
   825 | D:2      | Reached skill level 1 in Dodging
   978 | D:2      | Reached XP level 3. HP: 27/27 MP: 4/4
  1319 | D:3      | Found a sparkling altar of Nemelex Xobeh.
  1336 | D:3      | Reached skill level 4 in Stealth
  1444 | D:3      | Noticed Grinder
  1449 | D:3      | Identified the +1 chain mail of the Fiddle {Harm rC- Str+3
                  | Int+6}
  1469 | D:4      | Found a snail-covered altar of Cheibriados.
  1485 | D:4      | Became a worshipper of Cheibriados the Contemplative
  1586 | D:4      | Reached skill level 1 in Long Blades
  1586 | D:4      | Reached skill level 1 in Armour
  1586 | D:4      | Reached skill level 1 in Spellcasting
  1586 | D:4      | Reached XP level 4. HP: 10/33 MP: 5/5
  1812 | D:4      | Found a basalt altar of Yredelemnul.
  1930 | D:4      | Reached XP level 5. HP: 5/39 MP: 6/6
  2241 | D:4      | Found a shimmering altar of Xom.
  2351 | D:4      | Reached * piety under Cheibriados
  2461 | D:3      | Noticed Ijyb
  2476 | D:3      | Killed Ijyb
  2477 | D:3      | Reached skill level 1 in Invocations
  2692 | D:5      | Entered Level 5 of the Dungeon
  2692 | D:5      | Noticed Edmund
  2727 | D:5      | Killed Edmund
  2728 | D:5      | Reached skill level 1 in Shields
  2728 | D:5      | Gained mutation: You regenerate magic rapidly. [demonic
                  | ancestry]
  2728 | D:5      | Reached XP level 6. HP: 27/46 MP: 6/8
  2823 | D:5      | Slain by an orc priest

Illustrated notes

Levels and vault maps discovered:
D:1:      sevenhm_arrival_forest_fort_large_2, layout_basic
D:2:      minmay_recursive_quarters, layout_basic
D:3:      layout_basic, mainiacjoe_overflow_six_doors_small, uniq_robin,
          uniq_grinder, uniq_ijyb
D:4:      layout_cave_pools, kennysheep_slug_shrine,
          mainiacjoe_overflow_cross_hatched, mainiacjoe_overflow_chevrons,
          moated_statue
D:5:      layout_cave_pods, nicolae_overflow_crystal_walls,
          minmay_misc_feat_rows, minmay_misc_feat_doors, uniq_menkaure,
          uniq_edmund

Skill      XL: |  1  2  3  4  5 |
---------------+----------------+-----
Dodging        | 1 2 |  2.0
Short Blades   | 2 |  2.8
Stealth        | 4 |  4.2
Long Blades    | 1 |  1.4
Armour         | 1 |  1.5
Spellcasting   | 1 |  1.4
Invocations    | 1 |  1.4
Throwing       | 2 |  2.0
Shields        | 1 |  1.2
Fighting       | |  2.9

Action                     |  1- 3 |  4- 6 || total
---------------------------+-------+-------++-------
  Melee: Dagger            |   112 |    85 ||   197
         Tailslap          |    10 |    12 ||    22
  Throw: Dart              |       |    35 ||    35
    Use: Potion            |     3 |     1 ||     4
   Stab: Sleeping          |    11 |     1 ||    12
         Invisible         |       |     1 ||     1
 Armour: Robe              |    21 |    18 ||    39
  Dodge: Dodged            |    65 |    76 ||   141
  Block: Buckler           |     7 |    13 ||    20

Table legend: (Time is in decaauts)
 A = Elapsed time spent in this place.
 B = Non-inter-level travel time spent in this place.
 C = Inter-level travel time spent in this place.
 D = Time resting spent in this place.
 E = Time spent auto-exploring this place.
 F = Levels seen in this place.
 G = Mean time per level.
                   A        B        C        D        E       F      G
               +--------+--------+--------+--------+--------+-----+--------+
         Total |   3048 |   2930 |    118 |    436 |   1750 |   5 |  609.6 |
       Dungeon |   3048 |   2930 |    118 |    436 |   1750 |   5 |  609.6 |
               +--------+--------+--------+--------+--------+-----+--------+

Top non-repeatable levels by time:
     D:4: 1172 daAuts
     D:1: 788 daAuts
     D:3: 470 daAuts
     D:2: 462 daAuts
     D:5: 155 daAuts
